 Dungeon Crawl Stone Soup version 0.29.1-12-g30fa7ad0bf (webtiles) character file.

Game seed: 2188012995313629827

151 Lutefisk the Chopper (level 5, -2/50 HPs)
             Began as a Hill Orc Monk on Dec 20, 2022.
             Slain by a centaur (3 damage)
             ... on level 4 of the Dungeon.
             The game lasted 00:05:51 (745 turns).

Lutefisk the Chopper (Hill Orc Monk)                 Turns: 745, Time: 00:05:52

Health: -2/50      AC:  6    Str: 16    XL:     5   Next: 33%
Magic:  5/5        EV: 11    Int: 10    God:
Gold:   122        SH:  0    Dex: 13    Spells: 4/4 levels left

rFire   . . .      SeeInvis +   a - +0 hand axe
rCold   . . .      Faith    .   (no shield)
rNeg    . . .      Spirit   .   d - +0 ring mail
rPois   .          Reflect  .   j - +0 helmet
rElec   .          Harm     .   (no cloak)
rCorr   .          Rampage  .   (no gloves)
Will    .....                   (no boots)
Stlth   +.........              (no amulet)
HPRegen 0.16/turn               f - ring of see invisible
MPRegen 0.09/turn               (no ring)

@: brilliant, attractive, flying, invisible
A: no striking features
a: no special abilities


You were on level 4 of the Dungeon.
You visited 1 branch of the dungeon, and saw 4 of its levels.

You collected 122 gold pieces.

Inventory:

Hand Weapons
 a - a +0 hand axe (weapon)
 n - a +1 short sword of venom
Missiles
 o - 5 poisoned darts (quivered)
Armour
 d - a +0 ring mail (worn)
 j - a +0 helmet (worn)
Jewellery
 f - a ring of see invisible (left hand)
Wands
 i - a wand of acid (7)
Scrolls
 b - a scroll of teleportation {unknown}
 k - a scroll of fear {unknown}
Potions
 h - a potion of attraction


   Skills:
 * Level 5.7 Fighting
 - Level 6.0 Axes
 - Level 2.4 Dodging
 - Level 1.5 Stealth


You had 4 spell levels left.
You didn't know any spells.
Your spell library was empty.

Dungeon Overview and Level Annotations

Branches:
Dungeon (4/15)
 Temple: D:4-7

Altars:

Annotations:
D:3 Ijyb


Message History

You feel attractive to monsters. The centaur barely misses you.
The centaur closely misses you.
The centaur hits you but does no damage.
The centaur kicks you.
* * * LOW HITPOINT WARNING * * *
Unknown command.
It was a potion of brilliance.
You feel clever all of a sudden. The centaur hits you.
* * * LOW HITPOINT WARNING * * *
The centaur closely misses you.
It was a potion of invisibility.
You fade into invisibility!
The centaur closely misses you. x2
The centaur hits you but does no damage.
The centaur barely misses you.
It was a potion of flight.
You feel very buoyant.
You fly up into the air.
The centaur closely misses you. The centaur barely misses you.
It was a potion of magic.
Magic courses through your body. The centaur misses you.
The centaur kicks you but does no damage.
The centaur hits you but does no damage.
The centaur closely misses you.
You catch the helpless centaur completely off-guard!
You hit the centaur.
The centaur is moderately wounded.
The centaur hits you but does no damage.
The centaur closely misses you.
You hit the centaur.
The centaur is heavily wounded.
The centaur barely misses you. The centaur kicks you.
* * * LOW HITPOINT WARNING * * *
The centaur hits you but does no damage.
The centaur kicks you but does no damage.
You slash the centaur!
The centaur is almost dead.
The centaur hits you.
You die...

#.# ..# #.# ..#
#.# #.# # ###
#.#####.##.## #..
# #..........# #.#
.#.#####@##..# #.#
#.# #c# .... ##.#
#.# #.# #### ...#
##.## #)#
.#.#####...#####.#
.........†.......#
..######....######
..# ####.# # ..#
#J#####...#


You could see a centaur (unable to see you).

Vanquished Creatures
  A phantom (D:4)
  3 adders
  2 worms
  4 orcs
  4 bats
  6 endoplasms
  A giant cockroach (D:2)
  A goblin (D:1)
  6 hobgoblins
  6 kobolds
  2 quokkas
  A frilled lizard (D:1)
  2 rats (D:2)
39 creatures vanquished.

Notes
Turn   | Place    | Note
-------+----------+-------------------------------------------
     0 | D:1      | Lutefisk the Hill Orc Monk began the quest for the Orb.
     0 | D:1      | Reached XP level 1. HP: 19/19 MP: 1/1
    86 | D:2      | Reached XP level 2. HP: 24/27 MP: 2/2
   201 | D:1      | Reached XP level 3. HP: 31/34 MP: 3/3
   375 | D:2      | Reached skill level 5 in Axes
   490 | D:3      | Reached XP level 4. HP: 15/41 MP: 4/4
   528 | D:3      | Noticed Ijyb
   627 | D:4      | Reached skill level 5 in Fighting
   698 | D:4      | Noticed a centaur
   709 | D:4      | Noticed a phantom
   736 | D:4      | Killed a phantom
   737 | D:4      | Reached skill level 6 in Axes
   737 | D:4      | Reached XP level 5. HP: 6/50 MP: 5/5
   739 | D:4      | HP: 1/50 [centaur (3)]
   744 | D:4      | HP: 1/50 [centaur (1)]
   745 | D:4      | Slain by a centaur

Illustrated notes

Levels and vault maps discovered:
D:1:      lightli_arrival_maybe_door_vault, layout_basic,
          hellmonk_ecumenical_altar_dog_temple
D:2:      layout_rooms, minmay_misc_feat_doors, serial_bayou_pond_a
D:3:      layout_loops_ring, portal_sewer_entry_d, dreamdust_princess_corridor,
          st_stairs_1, uniq_ijyb
D:4:      layout_loops_ring, grunt_temple_overflow_open

Skill      XL: |  1  2  3  4 |
---------------+-------------+-----
Fighting       | 4 5 |  5.7
Axes           | 5 6 |  6.0
Dodging        | |  2.4
Stealth        | |  1.5

Action                   |  1- 3 |  4- 6 || total
-------------------------+-------+-------++-------
Melee: Hand axe          |    95 |    56 ||   151
Evoke: Wand              |       |     1 ||     1
  Use: Potion            |       |     6 ||     6
 Stab: Sleeping          |     2 |       ||     2
       Invisible         |       |     1 ||     1
Armor: Ring mail         |    38 |    27 ||    65
Dodge: Dodged            |    55 |    44 ||    99
